SNL (28 & UNDER)
WEST VIRGINIA POWER @ SALEM SILVER SOULS
04/16/2030
 
TOP OF THE 1ST
West Virginia Power batting - Pitching for Salem Silver Souls : LHP Al McGuire
Pitching: LHP Al McGuire
Batting: RHB Matt Tucker 0-0: Ball
1-0: Bunted foul
1-1: Foul Ball, location: 2F
1-2: Strikes out swinging
Batting: RHB Andrew Pinto 0-0: SINGLE (Groundball, 56D)
Batting: LHB William Donnelly 0-0: Ball
Andrew Pinto is caught stealing 2nd base
1-0: Foul Ball, location: 2F
1-1: Foul Ball, location: 2F
1-2: Fly out, F9 (Flyball, 9)
Top of the 1st over - 0 runs, 1 hit, 0 errors, 0 left on base; West Virginia 0 - Salem 0
BOTTOM OF THE 1ST
Salem Silver Souls batting - Pitching for West Virginia Power : RHP Bill Hendricks
Pitching: RHP Bill Hendricks
Batting: LHB Felipe Rivera 0-0: Called Strike
0-1: Ball
1-1: Ball
2-1: Ball
3-1: Base on Balls
Batting: RHB Júlio Rodríguez 0-0: Ball
1-0: Ball
2-0: Ball
3-0: Base on Balls
Felipe Rivera to second
Batting: LHB Hamilton Hughes 0-0: Ball
Throwing error on steal attempt, E2
Felipe Rivera scores
Júlio Rodríguez to third
1-0: DOUBLE (Line Drive, 78D)
Júlio Rodríguez scores
Batting: LHB Howard Holder 0-0: Called Strike
0-1: Ball
1-1: Ball
2-1: Ball
3-1: Base on Balls
Batting: RHB Jaime Rodríguez 0-0: Called Strike
0-1: 3-RUN HOME RUN (Flyball, 7LD), Distance : 363 ft
Batting: RHB Chris Hall 0-0: Called Strike
0-1: Foul Ball, location: 2F
0-2: Ball
1-2: Ball
2-2: Foul Ball, location: 2F
2-2: Fly out, F8 (Flyball, 8LD)
Batting: RHB Juan Becerra 0-0: Called Strike
0-1: Ball
1-1: Ball
2-1: Foul Ball, location: 2F
2-2: Ground out 5-3 (Groundball, 56)
Batting: RHB Rusty Anderson 0-0: Foul Ball, location: 2F
0-1: Hit by Pitch
Batting: RHB Elpidio Martinho 0-0: Ball
1-0: Fly out, F8 (Flyball, 8RD)
Bottom of the 1st over - 5 runs, 2 hits, 1 error, 1 left on base; West Virginia 0 - Salem 5
TOP OF THE 2ND
West Virginia Power batting - Pitching for Salem Silver Souls : LHP Al McGuire
Batting: RHB Diego Benítez 0-0: Called Strike
0-1: Ball
1-1: Foul Ball, location: 2F
1-2: Ball
2-2: Foul Ball, location: 2F
2-2: Fly out, F7 (Flyball, 78M)
Batting: RHB Cory Hester 0-0: Called Strike
0-1: SINGLE (Groundball, 6MD)
Batting: SHB Nuno Fonseca 0-0: Swinging Strike
0-1: Ball
1-1: Ball
2-1: Called Strike
2-2: SINGLE (Groundball, 56D)
Cory Hester to second
Batting: RHB Emory Brooks 0-0: Called Strike
0-1: Ball
1-1: Grounds into double play, 1-6-3 (Groundball, 13)
Top of the 2nd over - 0 runs, 2 hits, 0 errors, 1 left on base; West Virginia 0 - Salem 5
BOTTOM OF THE 2ND
Salem Silver Souls batting - Pitching for West Virginia Power : RHP Bill Hendricks
Batting: LHB Felipe Rivera 0-0: Ball
1-0: Ball
2-0: SINGLE (Line Drive, 4D)
Batting: RHB Júlio Rodríguez 0-0: Called Strike
0-1: Foul Ball, location: 2F
0-2: Strikes out looking
Batting: LHB Hamilton Hughes 0-0: Called Strike
0-1: Foul Ball, location: 2F
0-2: Fly out, F6 (Popup, 6M)
Batting: LHB Howard Holder 0-0: TRIPLE (Flyball, 9LD)
Felipe Rivera scores
Batting: RHB Jaime Rodríguez 0-0: Foul Ball, location: 2F
0-1: Ball
1-1: Ball
2-1: Ball
3-1: Base on Balls
Batting: RHB Chris Hall 0-0: Called Strike
0-1: Fly out, F6 (Line Drive, 6M)
Bottom of the 2nd over - 1 run, 2 hits, 0 errors, 2 left on base; West Virginia 0 - Salem 6
TOP OF THE 3RD
West Virginia Power batting - Pitching for Salem Silver Souls : LHP Al McGuire
Batting: LHB Wilson Turner 0-0: Swinging Strike
0-1: Ball
1-1: Swinging Strike
1-2: Ball
2-2: Strikes out swinging
Batting: RHB Nick Mackin 0-0: Ball
1-0: Ball
2-0: Ball
3-0: Base on Balls
Batting: RHB Matt Tucker 0-0: Ball
1-0: Ball
2-0: Foul Ball, location: 2F
2-1: TRIPLE (Flyball, 8LXD)
Nick Mackin scores
Batting: RHB Andrew Pinto 0-0: Called Strike
Steal of home, Matt Tucker is out
0-1: DOUBLE (Line Drive, 7LM)
Batting: LHB William Donnelly 0-0: Ball
1-0: Ball
2-0: Reached on error, E6 (Groundball, 56)
Andrew Pinto scores
Batting: RHB Diego Benítez 0-0: Called Strike
0-1: Ball
1-1: 2-RUN HOME RUN (Flyball, 7LD), Distance : 347 ft
Batting: RHB Cory Hester 0-0: Ball
1-0: Foul Ball, location: 2F
1-1: Ball
2-1: Foul Ball, location: 2F
2-2: Ball
3-2: Base on Balls
Batting: SHB Nuno Fonseca 0-0: Called Strike
0-1: Ball
1-1: Ball
2-1: Swinging Strike
2-2: Strikes out looking
Top of the 3rd over - 4 runs, 3 hits, 1 error, 1 left on base; West Virginia 4 - Salem 6
BOTTOM OF THE 3RD
Salem Silver Souls batting - Pitching for West Virginia Power : RHP Bill Hendricks
Batting: RHB Juan Becerra 0-0: Ground out 1-3 (Groundball, P)
Batting: RHB Rusty Anderson 0-0: TRIPLE (Line Drive, 89XD)
Batting: RHB Elpidio Martinho 0-0: Ball
1-0: Foul Ball, location: 2F
1-1: Called Strike
1-2: Ball
2-2: Ground out 4-3 (Groundball, 4)
Rusty Anderson scores
Batting: LHB Felipe Rivera 0-0: Ball
1-0: Fly out, F1 (Popup, 15)
Bottom of the 3rd over - 1 run, 1 hit, 0 errors, 0 left on base; West Virginia 4 - Salem 7
TOP OF THE 4TH
West Virginia Power batting - Pitching for Salem Silver Souls : LHP Al McGuire
Batting: RHB Emory Brooks 0-0: Called Strike
0-1: Foul Ball, location: 2F
0-2: Strikes out swinging
Batting: LHB Wilson Turner 0-0: Ball
1-0: SOLO HOME RUN (Flyball, 7D), Distance : 392 ft
Batting: RHB Nick Mackin 0-0: Called Strike
0-1: Swinging Strike
0-2: Ball
1-2: Foul Ball, location: 2F
1-2: Strikes out swinging
Batting: RHB Matt Tucker 0-0: Ball
1-0: Ball
2-0: Foul Ball, location: 2F
2-1: SINGLE (Flyball, 89S)
Batting: RHB Andrew Pinto 0-0: Ball
1-0: Ball
2-0: Swinging Strike
2-1: Foul Ball, location: 2F
2-2: Strikes out swinging
Top of the 4th over - 1 run, 2 hits, 0 errors, 1 left on base; West Virginia 5 - Salem 7
BOTTOM OF THE 4TH
Salem Silver Souls batting - Pitching for West Virginia Power : RHP Bill Hendricks
Batting: RHB Júlio Rodríguez 0-0: Foul Ball, location: 2F
0-1: Ball
1-1: Foul Ball, location: 2F
1-2: Ball
2-2: Fly out, F7 (Line Drive, 78D)
Batting: LHB Hamilton Hughes 0-0: Swinging Strike
0-1: Fly out, F8 (Flyball, 8LS)
Batting: LHB Howard Holder 0-0: Ball
1-0: Ball
2-0: Ball
3-0: Called Strike
3-1: Foul Ball, location: 2F
3-2: DOUBLE (Line Drive, 7LM)
Pitching: LHP Michael Stewart
Batting: RHB Jaime Rodríguez 0-0: Ball
1-0: Fly out, F7 (Flyball, 7D)
Bottom of the 4th over - 0 runs, 1 hit, 0 errors, 1 left on base; West Virginia 5 - Salem 7
TOP OF THE 5TH
West Virginia Power batting - Pitching for Salem Silver Souls : LHP Al McGuire
Batting: LHB William Donnelly 0-0: Foul Ball, location: 2F
0-1: Ball
1-1: Foul Ball, location: 2F
1-2: Foul Ball, location: 2F
1-2: Foul Ball, location: 2F
1-2: Foul Ball, location: 2F
1-2: Ball
2-2: Ball
3-2: Foul Ball, location: 2F
3-2: SOLO HOME RUN (Flyball, 9LD), Distance : 364 ft
Batting: RHB Diego Benítez 0-0: Called Strike
0-1: Called Strike
0-2: Ball
1-2: Ball
2-2: Ball
3-2: Hit by Pitch
Pitching: RHP Wilson Díaz
Batting: RHB Cory Hester 0-0: Called Strike
0-1: Swinging Strike
0-2: Ball
1-2: Ball
2-2: SINGLE (Line Drive, 4MD)
Diego Benítez to second
Diego Benítez to third
Batting: SHB Nuno Fonseca 0-0: Ball
1-0: Ball
2-0: Called Strike
2-1: Ball
3-1: Foul Ball, location: 2F
3-2: Strikes out swinging
Batting: RHB Emory Brooks 0-0: Foul Ball, location: 2F
0-1: Foul Ball, location: 2F
0-2: Ball
1-2: Ball
2-2: Ball
3-2: Strikes out looking
Cory Hester is caught stealing 2nd base
Batter strikes out.
Top of the 5th over - 1 run, 2 hits, 0 errors, 1 left on base; West Virginia 6 - Salem 7
BOTTOM OF THE 5TH
Salem Silver Souls batting - Pitching for West Virginia Power : LHP Michael Stewart
Batting: RHB Chris Hall 0-0: Swinging Strike
0-1: Ball
1-1: Foul Ball, location: 2F
1-2: Ball
2-2: Ball
3-2: Foul Ball, location: 2F
3-2: Foul Ball, location: 2F
3-2: Base on Balls
Batting: RHB Juan Becerra 0-0: Foul Ball, location: 2F
0-1: Called Strike
0-2: Ground out U3 (Groundball, 3)
Chris Hall to second
Batting: RHB Rusty Anderson 0-0: Ball
1-0: Ball
Chris Hall steals 3rd base
2-0: Ground out 4-3 (Groundball, 4S)
Batting: RHB Elpidio Martinho 0-0: Ball
1-0: Ball
2-0: Called Strike
2-1: Ball
3-1: Base on Balls
Batting: LHB Felipe Rivera 0-0: Called Strike
0-1: Ball
1-1: Ball
2-1: Foul Ball, location: 2F
2-2: Foul Ball, location: 2F
2-2: Fly out, F7 (Flyball, 7LM)
Bottom of the 5th over - 0 runs, 0 hits, 0 errors, 2 left on base; West Virginia 6 - Salem 7
TOP OF THE 6TH
West Virginia Power batting - Pitching for Salem Silver Souls : RHP Wilson Díaz
Batting: LHB Wilson Turner 0-0: Ball
1-0: Called Strike
1-1: Foul Ball, location: 2F
1-2: Ball
2-2: Ball
3-2: Strikes out looking
Batting: RHB Nick Mackin 0-0: Called Strike
0-1: Swinging Strike
0-2: Strikes out looking
Batting: RHB Matt Tucker 0-0: Ball
1-0: Swinging Strike
1-1: Ball
2-1: Ball
3-1: Foul Ball, location: 2F
3-2: Base on Balls
Batting: RHB Andrew Pinto 0-0: Called Strike
Matt Tucker steals 2nd base
0-1: Foul Ball, location: 2F
0-2: Strikes out looking
Top of the 6th over - 0 runs, 0 hits, 0 errors, 1 left on base; West Virginia 6 - Salem 7
BOTTOM OF THE 6TH
Salem Silver Souls batting - Pitching for West Virginia Power : LHP Michael Stewart
Batting: RHB Júlio Rodríguez 0-0: Foul Ball, location: 2F
0-1: Called Strike
0-2: Hit by Pitch
Batting: LHB Hamilton Hughes 0-0: Called Strike
0-1: Foul Ball, location: 2F
0-2: Ball
1-2: Strikes out looking
Batting: LHB Howard Holder 0-0: Ball
1-0: Ball
2-0: Ball
3-0: Foul Ball, location: 2F
3-1: Called Strike
3-2: Base on Balls
Júlio Rodríguez to second
Batting: RHB Jaime Rodríguez 0-0: Ball
1-0: Ball
2-0: Called Strike
2-1: SINGLE (Line Drive, 56)
Júlio Rodríguez to third
Howard Holder to second
Runner from 3rd tries for Home, SAFE, no throw
Batting: RHB Chris Hall 0-0: Called Strike
0-1: Ball
1-1: Fly out, F9 (Flyball, 9LM)
Batting: RHB Juan Becerra 0-0: Called Strike
0-1: Ball
1-1: Fielders Choice at 2nd, 5-4 (Groundball, 5L)
Bottom of the 6th over - 1 run, 1 hit, 0 errors, 2 left on base; West Virginia 6 - Salem 8
TOP OF THE 7TH
West Virginia Power batting - Pitching for Salem Silver Souls : RHP Wilson Díaz
Batting: LHB William Donnelly 0-0: Called Strike
0-1: Called Strike
0-2: Ball
1-2: Foul Ball, location: 2F
1-2: Ball
2-2: Ball
3-2: Ground out U3 (Groundball, 3L)
Pitching: LHP Alfonso Guerra
Batting: RHB Diego Benítez 0-0: Called Strike
0-1: Called Strike
0-2: Strikes out looking
Batting: RHB Cory Hester 0-0: Called Strike
0-1: Swinging Strike
0-2: Fly out, F5 (Popup, P)
Top of the 7th over - 0 runs, 0 hits, 0 errors, 0 left on base; West Virginia 6 - Salem 8
BOTTOM OF THE 7TH
Salem Silver Souls batting - Pitching for West Virginia Power : LHP Michael Stewart
Batting: RHB Rusty Anderson 0-0: Ball
1-0: Foul Ball, location: 2F
1-1: Called Strike
1-2: Fly out, F8 (Flyball, 8LD)
Batting: RHB Elpidio Martinho 0-0: Ball
1-0: Swinging Strike
1-1: SINGLE (Groundball, 4M) (infield hit)
Batting: LHB Felipe Rivera 0-0: Foul Ball, location: 2F
0-1: Ball
Elpidio Martinho steals 2nd base
1-1: Ball
2-1: Ball
3-1: Ground out 4-3 (Groundball, 4)
Elpidio Martinho to third
Pitching: LHP Alberto Ruíz
Batting: RHB Júlio Rodríguez 0-0: Called Strike
0-1: Ball
1-1: Ball
2-1: Ground out 4-3 (Groundball, 4S)
Bottom of the 7th over - 0 runs, 1 hit, 0 errors, 1 left on base; West Virginia 6 - Salem 8
TOP OF THE 8TH
West Virginia Power batting - Pitching for Salem Silver Souls : LHP Alfonso Guerra
Batting: SHB Nuno Fonseca 0-0: Called Strike
0-1: Ball
1-1: Fly out, F6 (Popup, P)
Batting: RHB Emory Brooks 0-0: Ball
1-0: Ball
2-0: Called Strike
2-1: Ground out 6-3 (Groundball, 6)
Batting: LHB Wilson Turner 0-0: Ball
1-0: Ball
2-0: SINGLE (Groundball, 34S) (infield hit)
Batting: RHB Nick Mackin 0-0: Ball
1-0: Foul Ball, location: 2F
1-1: Foul Ball, location: 2F
1-2: Foul Ball, location: 2F
1-2: Strikes out swinging
Top of the 8th over - 0 runs, 1 hit, 0 errors, 1 left on base; West Virginia 6 - Salem 8
BOTTOM OF THE 8TH
Salem Silver Souls batting - Pitching for West Virginia Power : LHP Alberto Ruíz
Batting: LHB Hamilton Hughes 0-0: Fly out, F7 (Flyball, 7LS)
Batting: LHB Howard Holder 0-0: Ball
1-0: Ball
2-0: Foul Ball, location: 2F
2-1: Ball
3-1: Called Strike
3-2: Ground out 5-3 (Groundball, 56)
Batting: RHB Jaime Rodríguez 0-0: Called Strike
0-1: Ball
1-1: Foul Ball, location: 2F
1-2: Strikes out swinging
Bottom of the 8th over - 0 runs, 0 hits, 0 errors, 0 left on base; West Virginia 6 - Salem 8
TOP OF THE 9TH
West Virginia Power batting - Pitching for Salem Silver Souls : LHP Alfonso Guerra
Pitching: RHP Bartolo Rivera
Batting: RHB Matt Tucker 0-0: Ball
1-0: Called Strike
1-1: Foul Ball, location: 2F
1-2: TRIPLE (Line Drive, 9D)
Pinch Hitting: RHB Luis Ortega 0-0: Foul Ball, location: 2F
0-1: Foul Ball, location: 2F
0-2: Strikes out looking
Batting: LHB William Donnelly 0-0: Called Strike
0-1: Foul Ball, location: 2F
0-2: Ball
1-2: Ball
2-2: Ball
3-2: Base on Balls
Batting: RHB Diego Benítez 0-0: Called Strike
0-1: Called Strike
0-2: Ball
1-2: Ball
2-2: Ball
3-2: Base on Balls
William Donnelly to second
Batting: RHB Cory Hester 0-0: Ball
Wild Pitch!
Matt Tucker scores
William Donnelly to third
Diego Benítez to second
1-0: Foul Ball, location: 2F
1-1: 3-RUN HOME RUN (Flyball, 7D), Distance : 403 ft
Batting: SHB Nuno Fonseca 0-0: Foul Ball, location: 2F
0-1: Ball
1-1: Swinging Strike
1-2: Foul Ball, location: 2F
1-2: Fly out, F7 (Flyball, 7)
Batting: RHB Emory Brooks 0-0: Called Strike
0-1: Ball
1-1: Called Strike
1-2: Ground out 5-3 (Groundball, 56)
Top of the 9th over - 4 runs, 2 hits, 0 errors, 0 left on base; West Virginia 10 - Salem 8
BOTTOM OF THE 9TH
Salem Silver Souls batting - Pitching for West Virginia Power : LHP Alberto Ruíz
Pitching: RHP Miguel Cardoza
Now at 2B: Luis Ortega
Batting: RHB Chris Hall 0-0: Called Strike
0-1: Ball
1-1: SINGLE (Groundball, 56D)
Pinch Hitting: LHB Balduíno Bruschy 0-0: Ball
1-0: Called Strike
1-1: Ball
2-1: Ball
3-1: 2-RUN HOME RUN (Flyball, 9LD), Distance : 347 ft
Pinch Hitting: RHB Michael Fisher 0-0: Ball
1-0: Called Strike
1-1: Foul Ball, location: 2F
1-2: Strikes out swinging
Pinch Hitting: SHB Alberto Sandoval 0-0: Ball
1-0: SINGLE (Flyball, 7LM)
Batting: LHB Felipe Rivera 0-0: Ball
Alberto Sandoval steals 2nd base
1-0: Ground out 4-3 (Groundball, 34)
Alberto Sandoval to third
Batting: RHB Júlio Rodríguez 0-0: Foul Ball, location: 2F
0-1: Ball
1-1: Called Strike
1-2: Foul Ball, location: 2F
1-2: Strikes out swinging
Bottom of the 9th over - 2 runs, 3 hits, 0 errors, 1 left on base; West Virginia 10 - Salem 10
TOP OF THE 10TH
West Virginia Power batting - Pitching for Salem Silver Souls : RHP Bartolo Rivera
Now at 2B: Michael Fisher
Now at SS: Alberto Sandoval
Now in LF: Jesús Sosa
Batting: LHB Wilson Turner 0-0: Ball
1-0: Ball
2-0: DOUBLE (Flyball, 8RXD)
Pinch Hitting: RHB Rafael Ortíz 0-0: Foul Ball, location: 2F
0-1: Foul Ball, location: 2F
0-2: Ball
1-2: Ball
2-2: Foul Ball, location: 2F
2-2: Strikes out swinging
Batting: RHB Matt Tucker 0-0: Swinging Strike
0-1: Ball
1-1: Ball
2-1: Ball
3-1: Base on Balls
Batting: RHB Luis Ortega 0-0: Ball
Wilson Turner steals 3rd base
1-0: Ball
2-0: Called Strike
2-1: SINGLE (Line Drive, 6)
Wilson Turner scores
Matt Tucker to second
Batting: LHB William Donnelly 0-0: Called Strike
Matt Tucker is caught stealing 3rd base
0-1: Called Strike
0-2: Ball
1-2: Ball
2-2: Strikes out swinging
Top of the 10th over - 1 run, 2 hits, 0 errors, 1 left on base; West Virginia 11 - Salem 10
BOTTOM OF THE 10TH
Salem Silver Souls batting - Pitching for West Virginia Power : RHP Miguel Cardoza
Now at SS: Vaughan Shelton
Now in LF: Juan Carlos Ramos
Batting: LHB Hamilton Hughes 0-0: Ground out 4-3 (Groundball, 34S)
Batting: LHB Howard Holder 0-0: Ball
1-0: Ball
2-0: Called Strike
2-1: Ball
3-1: Base on Balls
Pinch Runner at 1st Cameron Irwin:
Batting: RHB Jaime Rodríguez 0-0: Ball
1-0: SINGLE (Flyball, 78S)
Cameron Irwin to second
Batting: RHB Chris Hall 0-0: Called Strike
0-1: Fly out, F5 (Line Drive, 56)
Batting: SHB Jesús Sosa 0-0: Called Strike
0-1: Called Strike
0-2: Strikes out swinging
Bottom of the 10th over - 0 runs, 1 hit, 0 errors, 2 left on base; West Virginia 11 - Salem 10
Saturday, April 7th, 2018 - OOTP Baseball 18.8 Build 76